 Dungeon Crawl Stone Soup version 0.25-a0-61-g63109bb16d (webtiles) character file.

Game seed: 7450681112394828930, levelgen mode: deterministic

276 MrRokkomies the Sneak (level 6, -3/30 HPs)
             Began as a Spriggan Assassin on Oct 29, 2019.
             Splashed by Ijyb's acid (15 damage)
             ... on level 3 of the Dungeon.
             The game lasted 00:05:14 (1933 turns).

MrRokkomies the Sneak (Spriggan Assassin)           Turns: 1933, Time: 00:05:15

Health: -3/30      AC:  3    Str:  7    XL:     6   Next: 4%
Magic:  7/7        EV: 17    Int: 13    God:
Gold:   108        SH:  0    Dex: 21    Spells: 5/5 levels left

rFire    . . .     SeeInvis +   a - +3 dagger
rCold    . . .     Gourm    .   (shield restricted)
rNeg     . . .     Faith    .   b - +0 robe
rPois    .         Spirit   .   (helmet restricted)
rElec    .         Reflect  .   c - +0 cloak
rCorr    .         Harm     .   (gloves unavailable)
MR       +....                  (boots unavailable)
Stlth    ++++......             (no amulet)
HPRegen  0.10/turn              j - ring of Upauloema {+Blink Dex+2}
MPRegen  0.10/turn              (no ring)

@: very quick
A: very small, unfitting armour, see invisible, herbivore, speed 3, slow
metabolism 2
a: Evoke Blink


You were on level 3 of the Dungeon.
You were not hungry.

You visited 1 branch of the dungeon, and saw 4 of its levels.

You collected 108 gold pieces.

Inventory:

Hand Weapons
 a - a +3 dagger (weapon)
Missiles
 d - 8 poisoned darts (quivered)
 e - 2 curare-tipped darts
Armour
 b - a +0 robe (worn)
 c - a +0 cloak (worn)
Jewellery
 j - the ring of Upauloema (left hand) {+Blink Dex+2}
   (You found it on level 4 of the Dungeon)

   [ring of dexterity]

   It affects your dexterity (+2).
   It lets you blink.
Scrolls
 k - a scroll of enchant weapon
 m - a scroll of remove curse
Potions
 g - 2 potions of lignification
 i - a potion of heal wounds
 l - a potion of magic
Comestibles
 f - a ration


   Skills:
 - Level 1.5 Fighting
 * Level 4.6 Short Blades
 * Level 4.2 Throwing
 - Level 1.5 Dodging
 + Level 7.2 Stealth


You had 5 spell levels left.
You didn't know any spells.
Your spell library was empty.

Dungeon Overview and Level Annotations

Branches:
Dungeon (4/15)
 Temple: D:4-7

Altars:
Ashenzari
Cheibriados
Fedhas
Trog

Annotations:
D:3 Ijyb


Innate Abilities, Weirdness & Mutations

You are very small and have problems with some larger weapons.
You are too small for most types of armour.
You have supernaturally acute eyesight. (SInv)
You are a herbivore.
You cover ground extremely quickly.
You need to consume almost no food.


Message History

Ijyb shouts!
You hear a bark!
A jackal comes into view. x2
Ijyb screams, "No!
No, no, no, no!"
The jackal moves out of view.
You hit the quokka.
The quokka is lightly wounded.
The quokka closely misses you.
You hit the quokka.
The quokka is heavily wounded.
The quokka barely misses you.
You hit the quokka.
The quokka is severely wounded.
The quokka bites you.
Ijyb zaps a wand.
The bolt of acid hits the quokka!
The quokka is splashed with acid.
The quokka dies!
The bolt of acid hits you!
Ouch! That really hurt!
You are splashed with acid!
Ouch! That really hurt!
You die...

####.##### #.#
#.# ##.# #.#
#..# #.#
############.##
#.#
#............#
#.#
#.############
#.# #.# #.# #.#
### #@# #.# #.#
#g# #h# #.# #.#
#.#


You could see Ijyb and a jackal.

Vanquished Creatures
  An ogre (D:2)
  A scorpion (D:4)
  An iguana (D:2)
  A worker ant (D:4)
  A hound skeleton (D:4)
  2 adders
  2 worms (D:2)
  5 dart slugs
  3 leopard geckos
  An orc (D:4)
  3 giant cockroaches
  5 goblins (D:1)
  7 hobgoblins
  A bat (D:1)
  6 frilled lizards
  5 kobolds
  7 rats
52 creatures vanquished.

Vanquished Creatures (others)
  A quokka (D:3)
1 creature vanquished.

Grand Total: 53 creatures vanquished

Notes
Turn   | Place    | Note
-------+----------+-------------------------------------------
     0 | D:1      | MrRokkomies the Spriggan Assassin began the quest for the
                  | Orb.
     0 | D:1      | Reached XP level 1. HP: 10/10 MP: 2/2
   189 | D:1      | Reached skill level 6 in Stealth
   194 | D:1      | Reached XP level 2. HP: 10/14 MP: 3/3
   607 | D:1      | Reached XP level 3. HP: 18/18 MP: 4/4
   772 | D:2      | You fall into a shaft and drop 2 floors!
   774 | D:4      | Got a heavily runed jade ring
   775 | D:4      | Identified the ring of Upauloema {+Blink Dex+2} (You found
                  | it on level 4 of the Dungeon)
   796 | D:4      | Noticed a phantom
   846 | D:4      | Noticed a scorpion
   856 | D:4      | Killed a scorpion
   856 | D:4      | Reached XP level 4. HP: 21/22 MP: 5/5
  1023 | D:2      | Reached XP level 5. HP: 25/25 MP: 6/6
  1152 | D:2      | Noticed an ogre
  1183 | D:2      | Killed an ogre
  1183 | D:2      | Reached skill level 7 in Stealth
  1291 | D:2      | Found a shattered altar of Ashenzari.
  1294 | D:2      | Found a snail-covered altar of Cheibriados.
  1297 | D:2      | Found a bloodstained altar of Trog.
  1401 | D:2      | Found a blossoming altar of Fedhas.
  1881 | D:3      | Reached XP level 6. HP: 30/30 MP: 7/7
  1929 | D:3      | Noticed Ijyb
  1933 | D:3      | Splashed by Ijyb's acid

Levels and vault maps discovered:
D:1:      lightli_arrival_quake, layout_rooms
D:2:      layout_basic, fedhas_altar_1, grunt_temple_overflow_diamond
D:3:      minmay_skewed_foursquare, layout_loops_ring, uniq_sigmund, uniq_ijyb,
          uniq_jessica
D:4:      layout_rooms, first_ration

Skill      XL: |  1  2  3  4  5 |
---------------+----------------+-----
Stealth        | 6 7 |  7.2
Short Blades   | 3 4 |  4.6
Throwing       | 3 4 |  4.2
Fighting       | |  1.5
Dodging        | |  1.5

Action                   |  1- 3 |  4- 6 || total
-------------------------+-------+-------++-------
Melee: Dagger            |    89 |    48 ||   137
Throw: Dart              |     2 |    15 ||    17
  Use: Scroll            |     3 |     3 ||     6
 Stab: Sleeping          |    10 |     6 ||    16
Armor: Robe              |     8 |     3 ||    11
Dodge: Dodged            |    56 |    18 ||    74

Table legend:
 A = Non-vault XP
 B = Vault XP
 C = Vault XP percentage of total XP
 D = Non-vault monster count
 E = Vault monster count
 F = Vault count percentage of total count
                 A         B        C        D         E       F
            +---------+---------+-------+---------+---------+-------
      Total |     395 |       0 |   0.0 |      53 |       0 |   0.0
            +---------+---------+-------+---------+---------+-------
        D:1 |      42 |       0 |   0.0 |      26 |       0 |   0.0
        D:2 |     201 |       0 |   0.0 |      15 |       0 |   0.0
        D:3 |      24 |       0 |   0.0 |       6 |       0 |   0.0
        D:4 |     128 |       0 |   0.0 |       6 |       0 |   0.0
            +---------+---------+-------+---------+---------+-------
